 Dungeon Crawl Stone Soup version 0.21.1-1-g345015f (webtiles) character file.

171 troglodite the Skirmisher (level 5, -5/53 HPs)
             Began as an Ogre Skald on Feb 13, 2018.
             Slain by a bullfrog (9 damage)
             ... on level 4 of the Dungeon.
             The game lasted 00:09:34 (2964 turns).

troglodite the Skirmisher (Ogre Skald)              Turns: 2964, Time: 00:09:35

Health: -5/53      AC:  3    Str: 15    XL:     5   Next: 51%
Magic:  6/9        EV: 10    Int: 14    God:
Gold:   165        SH:  0    Dex:  9    Spells: 4/10 levels left

rFire    . . .     SeeInvis .   a - +0 spear
rCold    . . .     Gourm    .   (no shield)
rNeg     . . .     Faith    .   b - +0 robe
rPois    .         Spirit   .   (helmet restricted)
rElec    .         Reflect  .   (no cloak)
rCorr    .         Harm     .   (gloves unavailable)
MR       .....                  (boots unavailable)
Stlth    +.........             (no amulet)
HPRegen  0.17/turn              (no ring)
MPRegen  0.11/turn              (no ring)

@: no status effects
A: large, unfitting armour, tough skin 1
a: no special abilities


You were on level 4 of the Dungeon.
You were near starving.

You visited 1 branch of the dungeon, and saw 4 of its levels.

You collected 165 gold pieces.

Inventory:

Hand Weapons
 a - a +0 spear (weapon)
Armour
 b - a +0 robe (worn)
Scrolls
 e - a scroll of remove curse
 f - a scroll of magic mapping {unknown}
 g - 2 scrolls of amnesia
 h - a scroll of identify
 l - a scroll of enchant weapon {unknown}
 p - a scroll of blinking {unknown}
 r - a scroll of teleportation {unknown}
Potions
 i - 2 potions of ambrosia {unknown}
 j - a potion of might
 k - 3 potions of cancellation {unknown}
 m - a potion of flight {unknown}
 n - 3 potions of curing {unknown}
 s - a potion of mutation {unknown}
 t - a potion of heal wounds {unknown}
Books
 c - a book of Battle

   Spells                             Type                      Level
   a - Infusion                       Charms                       1
   b - Shroud of Golubria             Charms/Translocation         2
   c - Song of Slaying                Charms                       2
   d - Spectral Weapon                Hexes/Charms                 3
   e - Regeneration                   Charms/Necromancy            3
 o - a book of Misfortune

   Spells                             Type                      Level
   a - Confusing Touch                Hexes                        1
   b - Confuse                        Hexes                        3
   c - Gell's Gravitas                Translocation                3
   d - Petrify                        Transmutation/Earth          4
   e - Metabolic Englaciation         Hexes/Ice                    5
   f - Yara's Violent Unravelling     Hexes/Transmutation          5
Comestibles
 d - 10 rations


   Skills:
 * Level 3.5 Fighting
 + Level 2.6 Polearms
 * Level 3.1 Dodging
 + Level 0.5 Stealth
 * Level 3.0 Spellcasting
 * Level 0.9 Hexes
 * Level 3.5 Charms
 * Level 0.6 Necromancy


You had 4 spell levels left.
You knew the following spells:

 Your Spells              Type           Power        Failure   Level  Hunger
b - Spectral Weapon       Hex/Chrm       #.......     26%         3    ###....
c - Regeneration          Chrm/Necr      #.........   28%         3    ###....


Dungeon Overview and Level Annotations

Branches:
Dungeon (4/15)
 Temple: D:4-7

Altars:
Kikubaaqudgha
Yredelemnul

Annotations:
D:2 2 transporters, Menkaure
D:4 batai666's ghost, novice GrEE


Innate Abilities, Weirdness & Mutations

You are too large for most types of armour.
You have tough skin. (AC +1)


Message History

Casting: Spectral Weapon
Confirm with . or Enter, or press ? or * to list all spells.
You draw out your weapon's spirit!
You are near starving!
The bullfrog hits you but does no damage.
You closely miss the bullfrog.
The bullfrog is moderately wounded.
The bullfrog barely misses you.
Your spectral weapon hits the bullfrog from afar.
The bullfrog closely misses you.
You closely miss the bullfrog.
The bullfrog is severely wounded.
Your spectral weapon closely misses the bullfrog.
The bullfrog hits you.
* * * LOW HITPOINT WARNING * * *
You hit the bullfrog.
The bullfrog is almost dead.
Your spectral weapon closely misses the bullfrog.
The bullfrog barely misses you. The bullfrog hits you!
You die...

.>..........
..........##
...........####
. #..#..... .
#/..# ... # #.
#.#.#..# #.#.#
#O#.#.###
#.#..##F#...$.#
####..#...@....#
......##..(...##
#...##....##
#.<....##
#......#
##.....# #.....#
##....# #....#


You could see an ogre, a bullfrog and a friendly spectral spear.

Vanquished Creatures
  An orc wizard (D:2)
  A centaur skeleton (D:2)
  The ghost of letownia2 the Poker, a weakling MfBe of Trog (D:3)
  3 adders
  An ooze (D:1)
  2 worms
  3 dart slugs
  4 orcs
  8 bats
  4 giant cockroaches
  2 goblins
  8 hobgoblins
  A jackal (D:2)
  3 kobolds
  A quokka (D:3)
  2 ball pythons
  3 frilled lizards
  5 rats
53 creatures vanquished.

Notes
Turn   | Place    | Note
-------+----------+-------------------------------------------
     0 | D:1      | troglodite the Ogre Skald began the quest for the Orb.
     0 | D:1      | Reached XP level 1. HP: 22/22 MP: 3/3
   227 | D:1      | Reached XP level 2. HP: 19/29 MP: 5/5
   480 | D:1      | Reached XP level 3. HP: 23/37 MP: 6/6
   615 | D:1      | Learned a level 3 spell: Spectral Weapon
   619 | D:1      | Learned a level 3 spell: Regeneration
   981 | D:2      | Found a transporter.
   986 | D:2      | Found a basalt altar of Yredelemnul.
   991 | D:2      | Noticed Menkaure
   997 | D:2      | Found an ancient bone altar of Kikubaaqudgha.
  1016 | D:2      | Found a transporter.
  1060 | D:2      | Reached XP level 4. HP: 21/45 MP: 8/8
  1518 | D:2      | Reached XP level 5. HP: 8/53 MP: 6/9
  2465 | D:3      | Noticed letownia2's ghost (weakling MfBe)
  2489 | D:3      | Killed letownia2's ghost
  2829 | D:4      | Noticed batai666's ghost (novice GrEE)
  2953 | D:4      | Noticed an ogre
  2964 | D:4      | Slain by a bullfrog

Skill      XL: |  1  2  3  4  5 |
---------------+----------------+-----
Charms         | 3 |  3.5
Fighting       | 3 |  3.5
Dodging        | 3 |  3.1
Spellcasting   | 3 |  3.0
Polearms       | |  2.6
Stealth        | |  0.5
Hexes          | |  0.9
Necromancy     | |  0.6

Action                   |  1- 3 |  4- 6 || total
-------------------------+-------+-------++-------
Melee: Spear             |   131 |   122 ||   253
 Cast: Spectral Weapon   |     2 |     5 ||     7
  Use: Scroll            |     4 |     1 ||     5
  Eat: Chunk             |     1 |     5 ||     6
Armor: Robe              |    48 |    31 ||    79
Dodge: Dodged            |    71 |    61 ||   132
